 Dungeon Crawl Stone Soup version 0.24-a0-190-g063869c372 (webtiles) character file.

Game seed: 16481547742129663458

144 MrRokkomies the Chucker (level 5, 0/57 HPs)
             Began as an Ogre Hunter on Mar 18, 2019.
             Was an Initiate of Dithmenos.
             Slain by a gnoll
             ... wielding a +0 spear
              (2 damage)
             ... on level 3 of the Dungeon.
             The game lasted 00:09:00 (2645 turns).

MrRokkomies the Chucker (Ogre Hunter)               Turns: 2645, Time: 00:09:03

Health: 0/57       AC:  4    Str: 16    XL:     5   Next: 26%
Magic:  5/5        EV: 15    Int: 12    God:    Dithmenos [......]
Gold:   95         SH:  0    Dex: 15    Spells: 4/4 levels left

rFire    . . .     SeeInvis .   a - +2 whip (flame)
rCold    . . .     Gourm    .   (no shield)
rNeg     . . .     Faith    .   b - +1 robe
rPois    .         Spirit   .   (helmet restricted)
rElec    .         Reflect  .   (no cloak)
rCorr    .         Harm     .   (gloves unavailable)
MR       .....                  (boots unavailable)
Stlth    +++.......             (no amulet)
HPRegen  0.19/turn              (no ring)
MPRegen  0.09/turn              (no ring)

@: agile
A: large, unfitting armour, tough skin 1
a: Renounce Religion


You were on level 3 of the Dungeon.
You worshipped Dithmenos.
Dithmenos was noncommittal.
You were not hungry.

You visited 1 branch of the dungeon, and saw 3 of its levels.

You collected 95 gold pieces.

Inventory:

Hand Weapons
 a - a +2 whip of flaming (weapon)
Missiles
 d - 2 throwing nets
 g - 9 poisoned needles
 h - 62 stones (quivered)
Armour
 b - a +1 robe (worn)
Scrolls
 l - a scroll of immolation
 m - a scroll of teleportation
Potions
 i - a potion of might
 k - 3 potions of flight
 n - a potion of invisibility
 o - a potion of cancellation
 p - a potion of haste {unknown}
Comestibles
 f - a ration


   Skills:
 * Level 5.0 Fighting
 + Level 1.2 Maces & Flails
 * Level 5.2 Throwing
 - Level 1.7 Dodging
 - Level 0.6 Stealth


You had 4 spell levels left.
You didn't know any spells.
Your spell library was empty.

Dungeon Overview and Level Annotations

Branches:
Dungeon (3/15)

Altars:
Dithmenos


Innate Abilities, Weirdness & Mutations

You are too large for most types of armour.
You have tough skin. (AC +1)


Message History

The hobgoblin misses you. The gnoll barely misses you.
The gnoll hits you from afar with a +0 spear.
* * * LOW HITPOINT WARNING * * *
You are very lightly contaminated with residual magic.
It was a potion of cancellation.
Your magical effects are unravelling.
You feel magically purged.
Your magical contamination has completely faded away.
You flicker back into view.
You feel a little less mighty now. The hobgoblin misses you.
The gnoll hits you.
* * * LOW HITPOINT WARNING * * *
The gnoll hits you from afar with a +0 spear.
* * * LOW HITPOINT WARNING * * *
It was a potion of agility.
You feel agile all of a sudden. The gnoll hits you.
* * * LOW HITPOINT WARNING * * *
The hobgoblin barely misses you.
The gnoll hits you from afar with a +0 spear.
You die...

#######
........#####
............#
............#
.....>......#
............#
............# .
...$...>g...#
#....##...)@..#
#.(..####g#g..#
.(((((.(.....##
.........##(....#
........)##...#.#
............((# #
........(.#####
...)..<....
.........###


You could see 2 gnolls and a hobgoblin.

Vanquished Creatures
  A hound (D:2)
  4 gnolls (D:3)
  An adder (D:2)
  An ooze (D:1)
  A worm (D:2)
  A dart slug (D:2)
  4 leopard geckos
  An orc (D:2)
  2 ball pythons (D:1)
  5 giant cockroaches
  6 goblins
  3 hobgoblins (D:1)
  4 jackals (D:2)
  2 quokkas (D:2)
  6 bats
  A frilled lizard (D:2)
  6 kobolds
  6 rats
55 creatures vanquished.

Notes
Turn   | Place    | Note
-------+----------+-------------------------------------------
     0 | D:1      | MrRokkomies the Ogre Hunter began the quest for the Orb.
     0 | D:1      | Reached XP level 1. HP: 22/22 MP: 1/1
   506 | D:1      | Reached XP level 2. HP: 28/31 MP: 2/2
   794 | D:1      | Reached XP level 3. HP: 39/39 MP: 3/3
  1653 | D:2      | Reached XP level 4. HP: 48/48 MP: 4/4
  1743 | D:2      | Found a shadowy altar of Dithmenos.
  1750 | D:2      | Became a worshipper of Dithmenos the Shadowed
  2274 | D:2      | Reached skill level 5 in Throwing
  2319 | D:3      | Reached skill level 1 in Maces & Flails
  2322 | D:3      | Reached XP level 5. HP: 55/55 MP: 5/5
  2642 | D:3      | Reached skill level 5 in Fighting
  2645 | D:3      | HP: 2/57 [gnoll (1)]
  2645 | D:3      | Slain by a gnoll

Levels and vault maps discovered:
D:1:      sevenhm_arrival_forest_fort_large_1, layout_basic
D:2:      layout_basic, nicolae_dithmenos_shadow_blocks
D:3:      layout_basic, nicolae_gozag_cash_rules_everything_around_me

Skill      XL: |  1  2  3  4  5 |
---------------+----------------+-----
Fighting       | 3 4 5 |  5.0
Throwing       | 5 |  5.2
Maces & Flails | 1 |  1.2
Dodging        | |  1.7
Stealth        | |  0.6

Action                   |  1- 3 |  4- 6 || total
-------------------------+-------+-------++-------
Melee: Short sword       |    78 |       ||    78
       Mace              |    37 |    10 ||    47
       Whip              |       |    40 ||    40
Throw: Large rock        |     3 |     5 ||     8
       Stone             |    47 |    31 ||    78
  Use: Scroll            |     7 |     2 ||     9
       Potion            |       |     4 ||     4
 Stab: Sleeping          |     3 |     1 ||     4
  Eat: Chunk             |     2 |     2 ||     4
       Ration            |       |     1 ||     1
Armor: Robe              |    45 |    24 ||    69
Dodge: Dodged            |    82 |    40 ||   122

Table legend:
 A = Non-vault XP
 B = Vault XP
 C = Vault XP percentage of total XP
 D = Non-vault monster count
 E = Vault monster count
 F = Vault count percentage of total count
                 A         B        C        D         E       F
            +---------+---------+-------+---------+---------+-------
      Total |     203 |       3 |   1.5 |      53 |       2 |   3.6
            +---------+---------+-------+---------+---------+-------
        D:1 |      42 |       3 |   6.7 |      21 |       2 |   8.7
        D:2 |     100 |       0 |   0.0 |      25 |       0 |   0.0
        D:3 |      61 |       0 |   0.0 |       7 |       0 |   0.0
            +---------+---------+-------+---------+---------+-------
